AoeStats
← Weissbee

Hideout

507951699Analyzed
1v1 RM · 13d ago on Sep 20, 2026· 24m 55s· 2 players
Game mode
Random Map
Map size
Tiny (2 player)
Population
200
Speed
Normal
Resources
Standard
Victory
Conquest
Starting age
Dark Age
Ending age
Imperial Age
RankedLock teamsTeams togetherTeam positionsShared explorationLock speedFull tech treeHidden civsTurbo modeCheats
Victory
Defeat
🇺🇸 Maya · United States
763
+17
🇳🇱 Byzantines · Netherlands
784
-17
Weissbee
0:36 Loom
10:13 Feudal Age
11:25 Horse Collar
11:34 Double-Bit Axe
13:54 Gold Mining
15:22 Wheelbarrow
22:30 Castle Age
20:43 Fletching
20:58 Padded Archer Armor
22:39 Crossbowman
23:30 Thumb Ring
23:49 Bodkin Arrow
klry
6:19 Loom
10:32 Feudal Age
11:05 Double-Bit Axe
11:15 Man-at-Arms
12:47 Gold Mining
14:28 Horse Collar
16:26 Forging
16:19 Scale Mail Armor
16:32 Forging
16:59 Forging
20:50 Castle Age
23:09 Scale Barding Armor
25:13 Iron Casting
25:25 Husbandry
Connection lost

Rejoining the realm…

Still unreachable

The connection could not be restored.

Session expired

The server has moved on; the page needs a fresh start.